 Dungeon Crawl Stone Soup version 0.24.0-29-g8ce449bc06 (webtiles) character file.

Game seed: 17073293675817978696, levelgen mode: deterministic

2 FessEmpty the Skirmisher (level 1, 4/14 HPs)
             Began as a Gargoyle Berserker on Nov 16, 2019.
             Was a Follower of Trog.
             Got out of the dungeon alive.
             The game lasted 00:00:16 (39 turns).

FessEmpty the Skirmisher (Gargoyle Berserker)         Turns: 39, Time: 00:00:17

Health: 4/14       AC:  4    Str: 20    XL:     1   Next: 40%
Magic:  1/1        EV: 12    Int:  7    God:    Trog [*.....]
Gold:   0          SH:  0    Dex:  9    Spells: 0/0 levels left

rFire    . . .     SeeInvis .   a - +0 mace
rCold    . . .     Gourm    .   (no shield)
rNeg     + . .     Faith    .   b - +0 animal skin
rPois    ∞         Spirit   .   (no helmet)
rElec    +         Reflect  .   (no cloak)
rCorr    .         Harm     .   (no gloves)
MR       .....                  (no boots)
Stlth    +.........             (no amulet)
HPRegen  0.04/turn              (no ring)
MPRegen  0.07/turn              (no ring)

@: no status effects
A: negative energy resistance 1, electricity resistance, unbreathing,
petrification resistance, rot immunity, AC +2
a: Berserk, Renounce Religion


You escaped.
You worshipped Trog.
Trog was aware of your devotion.
You were not hungry.

You visited 1 branch of the dungeon, and saw 1 of its levels.

Inventory:

Hand Weapons
 a - a +0 mace (weapon)
Armour
 b - a +0 animal skin (worn)
Comestibles
 c - a ration


   Skills:
 + Level 3.3 Fighting
 + Level 3.0 Maces & Flails
 + Level 2.2 Armour
 + Level 1.6 Dodging


You couldn't memorise any spells.
You didn't know any spells.
Your spell library was empty.

Dungeon Overview and Level Annotations

Branches:
Dungeon (1/15)

Altars:


Innate Abilities, Weirdness & Mutations

You are resistant to torment.
Your stone body is resilient. (AC +2)
You are immune to poison.
You resist negative energy. (rN+)
You are resistant to electric shocks. (rElec)
You can survive without breathing.
You are immune to petrification.
You are immune to rotting.


Message History

Welcome, FessEmpty the Gargoyle Berserker.
It is said that the Orb of Zot exists deep within this dungeon.
Trog says: Kill them all!
Press ? for a list of commands and other information.
Found a staircase leading out of the dungeon.
You open the door.
There is an open door here.
A kobold comes into view. It is wielding a +0 dagger.
The kobold shouts!
A leopard gecko comes into view.
The kobold throws a stone.
The stone hits you but does no damage.
You see here a stone.
The kobold throws a stone.
The stone barely misses you.
You see here a stone.
The kobold hits you with a +0 dagger.
You barely miss the kobold. The leopard gecko barely misses you.
The kobold misses you.
You miss the leopard gecko. The leopard gecko barely misses you.
The kobold hits you with a +0 dagger.
You hit the leopard gecko but do no damage.
The leopard gecko barely misses you. The kobold hits you but does no damage.
The leopard gecko bites you.
You barely miss the leopard gecko. The leopard gecko closely misses you.
The kobold barely misses you. The kobold closely misses you.
The leopard gecko closely misses you.
You barely miss the leopard gecko.
The leopard gecko bites you but does no damage.
The kobold hits you but does no damage.
You barely miss the leopard gecko. The leopard gecko bites you.
The kobold barely misses you.
The leopard gecko bites you but does no damage.
You are too injured to fight recklessly!
You are too injured to fight recklessly!
You are too injured to fight recklessly!
You are too injured to fight recklessly!
You are too injured to fight recklessly!
You are too injured to fight recklessly!
You are too injured to fight recklessly!
You are too injured to fight recklessly!
You are too injured to fight recklessly!
You are too injured to fight recklessly!
You are too injured to fight recklessly!
You are too injured to fight recklessly!
You are too injured to fight recklessly!
You are too injured to fight recklessly!
You are too injured to fight recklessly!
You closely miss the kobold. The kobold barely misses you.
The leopard gecko barely misses you.
You hit the kobold.
You kill the kobold!
Trog accepts your kill. The leopard gecko closely misses you.
The leopard gecko bites you but does no damage.
The leopard gecko barely misses you.
Things that are here:
a +0 dagger; 2 stones You hit the leopard gecko but do no damage.
The leopard gecko bites you.
* * * LOW HITPOINT WARNING * * *
You miss the leopard gecko. The leopard gecko barely misses you. x2
You closely miss the leopard gecko. The leopard gecko misses you.
You sock the leopard gecko!
You kill the leopard gecko!
Trog accepts your kill.
You see here a leopard gecko corpse.
You see here a stone.
You see here a stone.
There is an open door here.
There is a staircase leading out of the dungeon here.
Are you sure you want to leave the Dungeon?
This will make you lose the game!
Alright, then stay!
There is a staircase leading out of the dungeon here.
Are you sure you want to leave the Dungeon?
This will make you lose the game!
You have escaped!

#####
#...#
#.@.#
#...#
#...#
####'###
#......##
#.......#
#.#####.#
#. #(.# #
#(##


There were no monsters in sight!

Vanquished Creatures
  A leopard gecko (D:1)
  A kobold (D:1)
2 creatures vanquished.

Notes
Turn   | Place    | Note
-------+----------+-------------------------------------------
     0 | D:1      | FessEmpty the Gargoyle Berserker began the quest for the
                  | Orb.
     0 | D:1      | Reached XP level 1. HP: 14/14 MP: 1/1
    39 | D:$      | Got out of the dungeon alive.

Levels and vault maps discovered:
D:1:      dpeg_arrival_erosion, layout_loops_corners

Action                   || total
-------------------------++-------
Melee: Mace              ||    12
Armor: Animal skin       ||     4
Dodge: Dodged            ||    17
